 Dungeon Crawl Stone Soup version 0.27.1 (webtiles) character file.

Game seed: 991787996928212495

1353 MacCMillion the Nimble (level 8, -2/49 (55) HPs)
             Began as a Merfolk Ice Elementalist on Aug 20, 2021.
             Was a Follower of Hepliaklqana.
             Slain by a wight (9 damage)
             ... on level 4 of the Dungeon.
             The game lasted 00:39:41 (7061 turns).

MacCMillion the Nimble (Merfolk Ice Elementalist)   Turns: 7061, Time: 00:39:41

HP:   -2/49 (55)    AC:  4    Str:  9    XL:     8   Next: 63%
MP:   17/20         EV: 15    Int: 16    God:    Hepliaklqana [*.....]
Gold: 227           SH:  0    Dex: 14    Spells: 4/11 levels left

rFire    . . .     SeeInvis .   C - +2 long sword
rCold    . . .     Faith    .   (no shield)
rNeg     . . .     Spirit   .   a - +0 robe
rPois    .         Reflect  .   h - +1 helmet
rElec    .         Harm     .   (no cloak)
rCorr    .         Rampage  .   (no gloves)
Will     .....                  (no boots)
Stlth    ++........             (no amulet)
HPRegen  0.16/turn              i - ring of magical power
MPRegen  0.17/turn              (no ring)

@: freezing walls, heavily drained
A: reduced essence, (nimble swimmer 2), mertail
a: Renounce Religion, Recall Ancestor, Ancestor Identity


You were on level 4 of the Dungeon.
You worshipped Hepliaklqana.
Hepliaklqana was aware of your devotion.
You visited 2 branches of the dungeon, and saw 6 of its levels.

You collected 227 gold pieces.

Inventory:

Hand Weapons
 g - a +0 long sword of freezing
 j - a +2 dagger of protection
 C - a +2 long sword (weapon)
Missiles
 y - 6 atropa-tipped darts
Armour
 a - a +0 robe (worn)
 h - a +1 helmet (worn)
 l - a +0 leather armour
 B - a +1 scale mail of cold resistance
Jewellery
 i - a ring of magical power (left hand)
 A - an amulet of regeneration
Wands
 c - a wand of flame (20)
 v - a wand of polymorph (8)
Scrolls
 b - a scroll of blinking {unknown}
 f - a scroll of enchant weapon {unknown}
 k - 2 scrolls of enchant armour
 o - a scroll of magic mapping {unknown}
 q - a scroll of summoning {unknown}
 s - a scroll of fear {unknown}
 t - 2 scrolls of vulnerability
 u - 2 scrolls of brand weapon
 w - a scroll of fog {unknown}
 z - a scroll of teleportation {unknown}
Potions
 d - 2 potions of haste
 e - a potion of ambrosia {unknown}
 m - 2 potions of invisibility
 n - a potion of cancellation {unknown}
 p - 3 potions of mutation {unknown}
 r - a potion of berserk rage {unknown}
 x - a potion of attraction {unknown}


   Skills:
 + Level 5.2 Fighting
 * Level 8.1 Dodging
 - Level 2.1 Stealth
 - Level 2.0 Spellcasting
 - Level 3.6 Translocations
 - Level 7.0 Ice Magic


You had 4 spell levels left.
You knew the following spells:

 Your Spells              Type           Power      Damage    Failure   Level
a - Freeze                Ice            96%        1d11      1%          1
b - Frozen Ramparts       Ice            48%        1d6       3%          3
c - Teleport Other        Tloc           13%        N/A       14%         3

Your spell library contained the following spells:

 Spells                   Type           Power      Damage    Failure   Level
 Ozocubu's Armour         Ice            24%        N/A       3%          3
 Gell's Gravitas          Tloc           6%         N/A       14%         3
 Lesser Beckoning         Tloc           6%         N/A       14%         3
 Sting                    Tmut/Pois      4%         1d3       21%         1
 Poisonous Vapours        Pois/Air       2%         N/A       30%         2
 Hailstorm                Conj/Ice       12%        3d5       43%         4
 Summon Guardian Golem    Hex/Summ       1%         N/A       52%         3
 Olgreb's Toxic Radiance  Pois           1%         N/A       90%         4
 Orb of Destruction       Conj           0%         N/A       100%        7
 Spellforged Servitor     Conj/Summ      0%         N/A       100%        7


Dungeon Overview and Level Annotations

Branches:
Dungeon (5/15)             Temple (1/1) D:4

Altars:
Ashenzari
Dithmenos
Elyvilon
Fedhas
Hepliaklqana
Kikubaaqudgha
Makhleb
Okawaru
Qazlal
Ru
Sif Muna
Trog
Xom
Yredelemnul
Zin
The Shining One

Annotations:
D:3 1 runed translucent door, 1 exclusion, lasso's ghost, amateur GnCj


Innate Abilities, Weirdness & Mutations

Your life essence is reduced to manifest your ancestor. (-10% HP)
((You are quick and stealthy near water. (Stealth+, EV+, Speed+++)))
Your lower body shifts to a powerful aquatic tail in water.


Message History

Ilshubani closely misses the wight.
The wight barely misses you.
You slash the wight!
The wight is heavily damaged.
The wight barely misses you.
You riposte.
You hit the wight.
The wight is almost destroyed.
Ilshubani hits the wight but does no damage.
There is an open door here.
Ilshubani hits the wight.
You closely miss the wight.
The wight is almost destroyed.
Ilshubani hits the wight but does no damage.
The wight closely misses you.
You riposte.
You barely miss the wight.
The wight is almost destroyed.
The wight hits you with a +3 short sword of freezing.
The wight freezes you.
Casting: Freeze (safe; 1% risk of failure)
Confirm with . or Enter, or press ? or * to list all spells.
Casting: Frozen Ramparts (dangerous; 3% risk of failure)
Press: ? - help, Dir - look around, f - activate The walls around you are covered in ice.
Ilshubani hits the wight.
The wight resists.
The wall freezes the wight.
The wight hits you with a +0 great sword!
You feel drained.
The wight resists.
The wall freezes the wight.
You are too injured to fight recklessly!
You closely miss the wight.
The wight is moderately damaged.
Ilshubani hits the wight.
The wight is destroyed!
The wight resists.
The wall freezes the wight.
The wight barely misses you.
Your Dodging skill increases to level 8!
You hit the wight but do no damage.
The wight is heavily damaged.
The wight completely resists.
The wall freezes the wight but does no damage.
The wight hits you with a +0 great sword!
* * * LOW HITPOINT WARNING * * *
Ilshubani barely misses the wight.
The wight completely resists.
The wall freezes the wight but does no damage.
The wight hits you with a +0 great sword!
You die...

##### ################
##...#########.......##......
##8.>.8##..Rz@+...............
#.......#...###...............
#.<.8...'...#...#...........##
#.......#....(................
##8.<.8##.#.#.##.....#########
##...##......##.....#####....
######.....##########⌠.......
#......#...### ###..#........
#......#.....###....#.....###


You could see the friendly Ilshubani the ancestor and a wight (ally target).

Vanquished Creatures
  A water moccasin (D:5)
  2 ogres (D:5)
  A necrophage (D:5)
  A scorpion (D:4)
  A water moccasin zombie (D:5)
  A wight (D:5)
  A bullfrog zombie (D:5)
  A jelly (D:4)
  4 hounds
  Jessica (D:3)
  2 iguanas (D:5)
  A hound skeleton (D:4)
  3 gnolls (D:5)
  10 adders
  An ufetubus (D:5)
  An adder skeleton (D:4)
  4 worms (D:2)
  4 dart slugs
  8 orcs
  9 ball pythons
  5 endoplasms
  6 giant cockroaches
  13 goblins
  10 hobgoblins
  16 kobolds
  4 quokkas
  11 bats
  3 frilled lizards
  5 rats
130 creatures vanquished.

Vanquished Creatures (collateral kills)
  2 ogres (D:5)
  A wight (D:4)
  A centaur skeleton (D:5)
  A hound skeleton (D:5)
  3 gnolls (D:5)
  A shadow imp (D:5)
  A white imp (D:5)
  A dart slug (D:5)
  An orc (D:5)
  A quokka (D:5)
13 creatures vanquished.

Vanquished Creatures (others)
  2 hounds (D:5)
  An ancestor (D:5)
  A jackal (D:5)
  A plant (D:1)
5 creatures vanquished.

Grand Total: 148 creatures vanquished

Notes
Turn   | Place    | Note
-------+----------+-------------------------------------------
     0 | D:1      | MacCMillion the Merfolk Ice Elementalist began the quest
                  | for the Orb.
     0 | D:1      | Reached XP level 1. HP: 13/13 MP: 3/3
   366 | D:1      | Reached XP level 2. HP: 16/19 MP: 1/5
   524 | D:1      | Reached skill level 5 in Ice Magic
   952 | D:1      | Reached XP level 3. HP: 21/24 MP: 3/6
  1008 | D:1      | Learned a level 3 spell: Frozen Ramparts
  1618 | D:2      | Found a faded altar of an unknown god.
  1769 | D:2      | Reached XP level 4. HP: 30/30 MP: 1/7
  2925 | D:3      | Reached XP level 5. HP: 31/35 MP: 8/8
  3051 | D:3      | Found a runed translucent door.
  3054 | D:3      | Noticed lasso's ghost (amateur GnCj)
  3348 | D:3      | Noticed Jessica
  3350 | D:3      | Killed Jessica
  3354 | D:3      | Reached skill level 1 in Translocations
  3795 | D:4      | Learned a level 3 spell: Teleport Other
  3980 | D:4      | Found a staircase to the Ecumenical Temple.
  3991 | D:4      | Reached skill level 1 in Fighting
  3991 | D:4      | Reached skill level 3 in Dodging
  4039 | Temple   | Entered the Ecumenical Temple
  4305 | Temple   | Became a worshipper of Hepliaklqana the Forgotten
  4416 | D:4      | Reached XP level 6. HP: 43/43 MP: 9/9
  5214 | D:5      | Entered Level 5 of the Dungeon
  5411 | D:5      | Reached * piety under Hepliaklqana
  5452 | D:5      | Reached skill level 4 in Dodging
  5452 | D:5      | Reached XP level 7. HP: 31/46 MP: 10/10
  5558 | D:5      | Found a shimmering altar of Xom.
  6074 | D:5      | Reached skill level 5 in Dodging
  6184 | D:5      | Reached skill level 5 in Fighting
  6213 | D:5      | Reached XP level 8. HP: 50/55 MP: 11/11
  6338 | D:5      | Reached skill level 6 in Dodging
  6347 | D:5      | Reached skill level 7 in Dodging
  6828 | D:5      | Found a glowing silver altar of Zin.
  7061 | D:4      | Reached skill level 8 in Dodging
  7061 | D:4      | Slain by a wight

Illustrated notes

Levels and vault maps discovered:
D:1:      dpeg_arrival_tiny_k, layout_loops_ring, st_stairs_6,
          chequers_big_river, serial_bayou_crossing
D:2:      layout_rooms, ebering_ecumenical_altar_mist, minmay_divided_ellipse
D:3:      layout_rooms, ebering_ghost_reflecting_pool, uniq_jessica
D:4:      kennysheep_spiral_hall, layout_basic, minmay_temple_entry_mist,
          grunt_ministairs_7, minmay_goblin_kobold_house
D:5:      minmay_diamond_boxcup, layout_basic, xom_confusion_cloud, zin_academy,
          serial_glass, glass_columns_b, glass_columns_b, glass_columns_a,
          glass_columns_b, glass_columns_a
Temple:   minmay_temple_curvy_branch

Skill      XL: |  1  2  3  4  5  6  7  8 |
---------------+-------------------------+-----
Ice Magic      | 5 6 7 |  7.0
Translocations | 1 2 3 |  3.6
Fighting       | 1 3 5 |  5.2
Dodging        | 3 4 5 8 |  8.1
Stealth        | |  2.1
Spellcasting   | |  2.0

Action                   |  1- 3 |  4- 6 |  7- 9 || total
-------------------------+-------+-------+-------++-------
Melee: Dagger            |    27 |     1 |       ||    28
       Long sword        |       |    37 |    44 ||    81
 Cast: Freeze            |    43 |    65 |    28 ||   136
       Frozen Ramparts   |     2 |    19 |    14 ||    35
  Use: Scroll            |       |     5 |       ||     5
 Stab: Sleeping          |     4 |     3 |       ||     7
       Distracted        |       |     1 |       ||     1
Armor: Robe              |     7 |    22 |    11 ||    40
Dodge: Dodged            |    20 |    61 |    78 ||   159
       Rpst.: Long sword |       |     9 |    24 ||    33
